 Dungeon Crawl Stone Soup version 0.26-a0-154-g3d63440f56 (webtiles) character file.

Game seed: 2062560463072268121

13 Flugslaktarn the Chiller (level 2, 0/15 HPs)
             Began as an Octopode Ice Elementalist on June 30, 2020.
             Was a Follower of Uskayaw.
             Succumbed to an adder's poison
             ... on level 2 of the Dungeon.
             The game lasted 00:00:45 (123 turns).

Flugslaktarn the Chiller (Octopode Ice Elementalist) Turns: 123, Time: 00:00:46

Health: 0/15       AC:  3    Str:  9    XL:     2   Next: 37%
Magic:  1/5        EV: 13    Int: 17    God:    Uskayaw [*.....]
Gold:   0          SH:  0    Dex: 12    Spells: 4/5 levels left

rFire    . . .     SeeInvis .   c - +0 mace
rCold    . . .     Faith    .   (no shield)
rNeg     . . .     Spirit   .   (helmet restricted)
rPois    .         Reflect  .   (no amulet)
rElec    .         Harm     .   (no ring)
rCorr    .                      (no ring)
MR       .....                  (no ring)
Stlth    +++.......             (no ring)
HPRegen  0.05/turn              (no ring)
MPRegen  0.09/turn              (no ring)
                                (no ring)
                                (no ring)

@: lethally poisoned (0 -> -4), very slightly contaminated
A: almost no armour, stealthy swim, amphibious, 8 rings, constrict 8, thin
metallic scales 1, camouflage 1, frail 1, strong 1, gelatinous body 1
a: Stomp, Renounce Religion


You were on level 2 of the Dungeon.
You worshipped Uskayaw.
Uskayaw was noncommittal.
You were not hungry.

You visited 1 branch of the dungeon, and saw 2 of its levels.

Inventory:

Hand Weapons
 c - a +0 mace (weapon)
   (You found it on level 2 of the Dungeon)
Magical Staves
 e - an uncursed staff of death {unknown}
   (You found it on level 2 of the Dungeon)
Scrolls
 d - a scroll of blinking {unknown}
Comestibles
 b - 2 rations


   Skills:
 - Level 2.0 Dodging
 - Level 2.6 Stealth
 + Level 2.4 Spellcasting
 + Level 4.3 Ice Magic


You had 4 spell levels left.
You knew the following spells:

 Your Spells              Type           Power        Failure   Level  Hunger
a - Freeze                Ice            ###.         3%          1    #......

Your spell library contained the following spells:

 Spells                   Type           Power        Failure   Level  Hunger
 Frozen Ramparts          Ice            ###...       10%         3    ###....
 Ozocubu's Armour         Chrm/Ice       #.......     22%         3    ###....
 Hailstorm                Conj/Ice       #.......     58%         4    #####..
 Summon Ice Beast         Ice/Summ       #.......     58%         4    #####..


Dungeon Overview and Level Annotations

Branches:
Dungeon (2/15)

Altars:
Uskayaw


Innate Abilities, Weirdness & Mutations

You cannot wear most types of armour.
You are very stealthy in the water. (Stealth+)
You are amphibious.
You can wear up to eight rings at the same time.
You can use your tentacles to constrict eight enemies at once.
Your skin changes colour to match your surroundings (Stealth+).
Your rubbery body absorbs attacks. (AC +1, EV +1)
You are partially covered in thin metallic scales. (AC +2)
You are frail. (-10% HP)
Your muscles are strong. (Str +2)


Message History

You are very lightly contaminated with residual magic.
Nothing appears to happen.
The adder barely misses you.
Casting: Freeze (safe; 3% risk of failure)
Confirm with . or Enter, or press ? or * to list all spells.
Aiming: Freeze (safe; 3% risk of failure)
Press: ? - help, Shift-Dir - straight line, f/p - adder
Aim: an adder You freeze the adder!
The adder is severely wounded.
The adder seems to slow down.
The adder bites you.
* * * LOW HITPOINT WARNING * * *
You are lethally poisoned!
The adder poisons you!
Casting: Freeze (safe; 3% risk of failure)
Confirm with . or Enter, or press ? or * to list all spells.
Aiming: Freeze (safe; 3% risk of failure)
Press: ? - help, Shift-Dir - straight line, f/p - adder
Aim: an adder (severely wounded, slow)
You freeze the adder.
The adder is almost dead.
The adder seems to slow down.
* * * LOW HITPOINT WARNING * * *
You feel sick. The adder closely misses you.
You can now pass through a line of other dancers.
You hit the adder.
You kill the adder!
You have reached level 2!
* * * LOW HITPOINT WARNING * * *
You feel sick.
It was a potion of mutation.
You feel extremely strange.
You feel frail.
Thin metallic scales grow over part of your body.
You feel stronger.
Unknown command.
* * * LOW HITPOINT WARNING * * *
You feel sick.
Found a short sword.
Unknown command.
Unknown command.
* * * LOW HITPOINT WARNING * * *
You feel sick.
You can no longer pass through a line of other dancers.
Unknown command.
* * * LOW HITPOINT WARNING * * *
You feel sick.
You see here a short sword.
Unknown command.
Unknown command.
Unknown command.
You die...

# .#. #### .... ..#
.#...##.###.#
.......@....# #...
#######.##### #..
#.# ... #)# #..
#.##### #.# #.....#
#.### ###.#.## #.##.
####.....#######.#..
+...................


There were no monsters in sight!

Vanquished Creatures
  An adder (D:2)
  A leopard gecko (D:2)
  A hobgoblin (D:2)
3 creatures vanquished.

Notes
Turn   | Place    | Note
-------+----------+-------------------------------------------
     0 | D:1      | Flugslaktarn the Octopode Ice Elementalist began the quest
                  | for the Orb.
     0 | D:1      | Reached XP level 1. HP: 11/11 MP: 3/3
    17 | D:2      | Found a hide-covered altar of Uskayaw.
    22 | D:2      | Became a worshipper of Uskayaw the Reveler
    69 | D:2      | Reached * piety under Uskayaw
   110 | D:2      | Reached ** piety under Uskayaw
   111 | D:2      | Reached XP level 2. HP: 5/17 MP: 0/5
   112 | D:2      | Gained mutation: You are frail. (-10% HP) [potion of
                  | mutation]
   112 | D:2      | Gained mutation: You are partially covered in thin metallic
                  | scales. (AC +2) [potion of mutation]
   112 | D:2      | Gained mutation: Your muscles are strong. (Str +2) [potion
                  | of mutation]
   123 | D:2      | Succumbed to an adder's poison

Illustrated notes

Levels and vault maps discovered:
D:1:      minmay_arrival_doors, layout_basic
D:2:      layout_loops_corners, bloody_trog, gammafunk_temple_overflow_claw,
          eat_drink_and_be_merry_uskayaw, first_ration, uniq_natasha

Action                   || total
-------------------------++-------
Melee: Mace              ||     2
 Cast: Freeze            ||     4
  Use: Potion            ||     1
 Stab: Sleeping          ||     1
Dodge: Dodged            ||     3

Table legend:
 A = Non-vault XP
 B = Vault XP
 C = Vault XP percentage of total XP
 D = Non-vault monster count
 E = Vault monster count
 F = Vault count percentage of total count
                 A         B        C        D         E       F
            +---------+---------+-------+---------+---------+-------
      Total |      19 |       0 |   0.0 |       3 |       0 |   0.0
            +---------+---------+-------+---------+---------+-------
        D:2 |      19 |       0 |   0.0 |       3 |       0 |   0.0
            +---------+---------+-------+---------+---------+-------
